Map: Lightshade LE

Players

A.I. 2 (Elite)

  • Race: Terran Terran
  • Spawn Location: 5:00

PaRaGoNPasT - Winner!

  • Race: Zerg Zerg
  • League: Master
  • Spawn Location: 11:00

VOD

Have the link to the VOD?

Description

Time

  • Played on: Jan. 13, 2021, 10:37 a.m.
  • Length: 5:51
Show
View Real Time Build Order
Export as new Build Order

A.I. 2 (Elite) Terran 

Build Orders: 2 Factory 

Get SALT Encoding   

  12  0:00  SCV  
  13  0:13  SCV  
  14  0:18  Supply Depot  
  14  0:25  SCV  
  15  0:39  SCV  
  16  0:43  Barracks  
  16  0:51  SCV  
  17  1:03  SCV  
  18  1:16  Supply Depot, SCV  
  19  1:21  Refinery  
  19  1:28  SCV  
  19  1:32  Marine  
  21  1:40  SCV  
  22  1:49  Refinery  
  22  1:50  Marine  
  22  1:52  SCV  
  24  2:04  SCV  
  24  2:08  Marine  
  26  2:16  SCV  
  26  2:20  Factory  
  27  2:26  Marine  
  27  2:28  SCV  
  28  2:39  Factory  
  28  2:40  SCV  
  28  2:43  Marine  
  30  2:47  Supply Depot  
  30  2:52  SCV  
  31  3:05  Orbital Command  
  31  3:07  Factory Tech Lab  
  31  3:08  Marine  
  32  3:23  Factory Tech Lab  
  32  3:26  Marine  
  33  3:30  SCV  
  34  3:34  Command Center  
  34  3:43  SCV  
  35  3:55  SCV  
  36  4:02  Barracks  
  36  4:07  SCV  
  37  4:13  Supply Depot  
  37  4:19  SCV  
  39  4:31  SCV  
  39  4:35  Siege Tank x2  
  39  4:38  Supply Depot  
  45  4:43  SCV  
  45  4:45  Marine, SCV  
  46  4:49  Supply Depot  
  48  4:55  SCV  
  48  4:58  SCV  
  50  5:00  Barracks  
  50  5:06  Barracks Tech Lab  
  50  5:07  Hellion, Siege Tank, SCV  
  50  5:10  SCV  
  57  5:19  SCV  
  58  5:22  SCV  
  59  5:28  Marine  
  59  5:29  Hellion  
  59  5:30  Marine  
Show
View Real Time Build Order
Export as new Build Order

PaRaGoNPasT Zerg - Winner!

Build Orders: Hatch First 

Get SALT Encoding   

  12  0:00  Drone  
  13  0:12  Overlord  
  13  0:17  Drone  
  14  0:30  Drone x2  
  16  0:49  Hatchery  
  15  0:52  Drone  
  15  0:56  Drone  
  17  1:00  Drone  
  18  1:10  Extractor  
  17  1:15  Spawning Pool  
  17  1:18  Drone  
  17  1:24  Drone  
  18  1:29  Drone  
  19  1:38  Overlord  
  19  1:53  Drone  
  20  2:02  Queen x2  
  20  2:03  Zergling x4  
  26  2:10  Metabolic Boost  
  26  2:11  Drone  
  26  2:14  Drone  
  28  2:21  Drone  
  28  2:22  Drone  
  30  2:37  Queen  
  30  2:38  Queen  
  30  2:41  Overlord  
  34  2:45  Overlord  
  34  2:59  Hatchery  
  34  3:03  Drone  
  34  3:05  Drone  
  35  3:06  Drone  
  35  3:09  Drone  
  35  3:11  Drone  
  38  3:13  Drone  
  38  3:16  Drone  
  38  3:18  Drone  
  41  3:21  Drone  
  41  3:23  Drone  
  41  3:25  Drone  
  44  3:29  Extractor  
  44  3:33  Roach Warren  
  42  3:38  Overlord  
  42  3:40  Overlord  
  42  3:44  Overlord  
  42  4:13  Roach x5  
  42  4:14  Roach x3  
  42  4:15  Roach  
  42  4:16  Roach  
  62  4:20  Roach  
  62  4:22  Roach  
  66  4:27  Zergling x8  
  66  4:29  Zergling x2  
  71  4:31  Zergling x2  
  71  4:34  Zergling x2  
  73  4:43  Zergling x4  
  75  4:53  Zergling x14  
  75  4:54  Overlord  
  82  5:05  Overlord  
  82  5:12  Ravager  
  82  5:13  Ravager x2  
  82  5:14  Drone x2  
  82  5:15  Drone x3  
  82  5:19  Drone x2  
  87  5:32  Zergling x10  
  87  5:38  Drone  
Tags
 
Add a new tag
Caveats
  • Supply blocks, unpowered buildings, or Contaminate may cause inaccurate times.
  • Supply counts are checked every 10 seconds.